AoeStats
← Fluvialgeomorphologist

Black Forest

507640701Analyzed
3v3 RM · 12d ago on Sep 19, 2026· 61m 19s· 6 players
Game mode
Random Map
Map size
Normal (6 player)
Population
200
Speed
Normal
Resources
Standard
Victory
Conquest
Starting age
Dark Age
Ending age
Imperial Age
RankedLock teamsTeams togetherTeam positionsShared explorationLock speedFull tech treeHidden civsTurbo modeCheats
Victory
Defeat
🇨🇴 Turks · Colombia
916
+16
🇨🇴 Romans · Colombia
854
+18
🇨🇴 Wu · Colombia
843
+18
🇲🇽 Poles · Mexico
916
-18
🇺🇸 Bohemians · United States
901
-17
🇺🇸 Spanish · United States
892
-17
shabolobodingdong
0:43 Loom
15:51 Feudal Age
16:32 Horse Collar
16:39 Double-Bit Axe
20:56 Castle Age
25:17 Stone Mining
28:06 Fortified Wall
30:37 Caravan
30:45 Heavy Plow
31:01 Bow Saw
30:48 Gold Mining
33:23 Stone Shaft Mining
33:25 Husbandry
33:37 Bloodlines
37:47 Imperial Age
36:25 Padded Archer Armor
38:14 Leather Archer Armor
39:39 Chemistry
39:03 Ballistics
39:10 Conscription
39:59 Elite Conquistador
41:59 Ring Archer Armor
50:05 Pikeman
50:34 Gambesons
54:22 Halberdier
55:39 Squires
55:28 Arson
181miguel
3:49 Loom
12:37 Feudal Age
13:16 Double-Bit Axe
13:44 Horse Collar
19:52 Castle Age
18:25 Gold Mining
18:58 Stone Mining
22:55 Wheelbarrow
32:22 Town Watch
34:46 Hand Cart
35:07 Fletching
38:43 Imperial Age
38:16 Szlachta Privileges
39:06 Heavy Plow
40:12 Conscription
40:20 Scale Barding Armor
41:22 Husbandry
42:46 Bow Saw
42:50 Forging
43:14 Bloodlines
47:06 Crop Rotation
49:00 Stone Shaft Mining
53:36 Chemistry
52:19 Treadmill Crane
53:23 Caravan
54:27 Ballistics
54:18 Masonry
57:11 Town Patrol
58:51 Cavalier
Fluvialgeomorphologist
1:21 Loom
11:51 Feudal Age
16:32 Castle Age
17:19 Double-Bit Axe
17:17 Horse Collar
19:58 Bow Saw
25:02 Chemistry
27:08 Wheelbarrow
26:46 Fervor
28:17 Hand Cart
34:31 Imperial Age
33:32 Pikeman
34:12 Squires
37:11 Two-Man Saw
36:17 Houfnice
37:13 Forging
38:55 Siege Engineers
39:20 Conscription
40:09 Light Cavalry
40:50 Husbandry
42:10 Halberdier
44:20 Elite Hussite Wagon
46:10 Cavalier
49:44 Town Watch
51:23 Caravan
53:45 Iron Casting
53:11 Scale Mail Armor
53:12 Padded Archer Armor
53:03 Fletching
53:46 Ballistics
andres simijaca
6:13 Loom
13:35 Feudal Age
13:45 Man-at-Arms
15:14 Double-Bit Axe
15:28 Horse Collar
18:18 Gold Mining
18:40 Arson
20:52 Forging
21:34 Scale Mail Armor
22:13 Padded Archer Armor
23:01 Stone Mining
23:59 Wheelbarrow
28:27 Castle Age
26:42 Fletching
28:38 Long Swordsman
28:45 Pikeman
29:12 Elite Skirmisher
29:51 Bodkin Arrow
30:19 Hand Cart
30:08 Heavy Plow
31:18 Bow Saw
32:17 Town Watch
36:27 Iron Casting
36:59 Murder Holes
37:29 Chain Mail Armor
39:13 Ballistics
39:48 Leather Archer Armor
40:49 Red Cliffs Tactics
44:18 Imperial Age
43:41 Squires
46:07 Chemistry
45:15 Two-Handed Swordsman
46:28 Bracer
47:13 Halberdier
48:42 Stone Shaft Mining
50:37 Blast Furnace
55:19 Elite Fire Archer
edwinsy22
0:41 Loom
14:20 Feudal Age
15:55 Wheelbarrow
15:03 Horse Collar
15:24 Man-at-Arms
15:55 Double-Bit Axe
17:44 Gold Mining
20:57 Scale Mail Armor
25:53 Castle Age
26:01 Forging
27:10 Chain Mail Armor
27:22 Hand Cart
28:55 Long Swordsman
30:12 Iron Casting
29:43 Scale Barding Armor
29:46 Caravan
37:08 Imperial Age
36:41 Chain Barding Armor
37:36 Legionary
39:18 Blast Furnace
38:53 Plate Barding Armor
38:55 Ballistics
43:04 Chemistry
42:01 Murder Holes
42:16 Masonry
42:39 Ballistas
42:43 Elite Centurion
43:35 Heavy Plow
43:23 Town Watch
43:51 Bow Saw
43:51 Heavy Scorpion
47:48 Gold Shaft Mining
47:04 Stone Mining
47:35 Town Patrol
51:06 Architecture
51:22 Comitatenses
zamithdaniel
10:55 Feudal Age
16:16 Castle Age
15:25 Horse Collar
15:34 Double-Bit Axe
25:53 Heavy Plow
26:04 Gold Mining
26:09 Stone Mining
29:12 Loom
30:02 Wheelbarrow
29:13 Town Watch
32:15 Imperial Age
31:10 Padded Archer Armor
31:21 Forging
31:17 Scale Barding Armor
34:48 Hand Cart
35:56 Leather Archer Armor
36:17 Iron Casting
36:03 Chain Barding Armor
37:24 Artillery
37:44 Conscription
36:45 Elite Janissary
38:56 Ring Archer Armor
39:27 Blast Furnace
39:55 Plate Barding Armor
39:45 Ballistics
40:22 Bloodlines
40:14 Husbandry
45:58 Devotion
47:30 Fletching
54:22 Cavalier
Connection lost

Rejoining the realm…

Still unreachable

The connection could not be restored.

Session expired

The server has moved on; the page needs a fresh start.